 Dungeon Crawl Stone Soup version 0.31-a0-221-gbddc013574 (webtiles) character file.

Game seed: 1507273835070785831

82 qw the Shooter (level 4, 0/26 HPs)
             Began as a Gargoyle Hexslinger on July 4, 2023.
             Slain by a goblin
             ... wielding a +0 club
             ... led by Robin
              (2 damage)
             ... on level 2 of the Dungeon.
             The game lasted 00:00:29 (805 turns).

qw the Shooter (Gargoyle Hexslinger)                 Turns: 805, Time: 00:00:30

Health: 0/26       AC: 12    Str: 12    XL:     4   Next: 43%
Magic:  5/5        EV: 10    Int: 13    God:
Gold:   47         SH:  0    Dex: 14    Spells: 4/5 levels left

rFire   . . .        Y - +1 sling
rCold   . . .        (no shield)
rNeg    + . .        d - +0 ring mail
rPois   inf          (no helmet)
rElec   +            (no cloak)
rCorr   .            (no gloves)
SInv    .            e - +2 pair of boots
Will    .....        (no amulet)
Stlth   +            (no ring)
HPRegen 0.24/turn    (no ring)
MPRegen 0.09/turn

%: no passive effects
@: no status effects
A: sickness immunity, AC +3, negative energy resistance 1, electricity
resistance, torment resistance 1, petrification resistance
a: no special abilities


You were on level 2 of the Dungeon.
You visited 1 branch of the dungeon, and saw 2 of its levels.

You collected 47 gold pieces.


Innate Abilities, Weirdness & Mutations

You are immune to sickness and miasma.
Your stone body is resilient. (AC +3)
You are immune to poison.
You resist negative energy. (rN+)
You are resistant to electric shocks. (rElec)
You are resistant to unholy torment.
You are immune to petrification.


   Skills:
 - Level 2.2 Fighting
 + Level 3.4 Ranged Weapons
 - Level 2.2 Armour
 - Level 1.5 Dodging
 - Level 1.0 Spellcasting
 - Level 2.6 Hexes


You had 4 spell levels left.
You knew the following spells:

 Your Spells              Type           Power      Damage    Failure   Level
a - Slow                  Hex            28%        N/A       21%         1

Your spell library contained the following spells:

 Spells                   Type           Power      Damage    Failure   Level
 Inner Flame              Hex/Fire       4%         N/A       71%         3
 Portal Projectile        Hex/Tloc       8%         N/A       71%         3
 Cause Fear               Hex            3%         N/A       90%         4

Inventory:

Hand Weapons
 Y - a +1 sling (weapon)
Armour
 d - a +0 ring mail (worn)
 e - a +2 pair of boots (worn)
Scrolls
 a - a scroll of revelation {unknown}

Dungeon Overview and Level Annotations

Branches:
Dungeon (2/15)

Altars:

Shops:
D:1 !


Message History

The goblin barely misses you. The goblin hits you but does no damage.
The goblin misses you. The goblin barely misses you. x2
Robin roars a battlecry!
The goblin goes into a battle-frenzy!
The goblin closely misses you. The goblin hits you but does no damage.
The jackal barks!
You shoot a sling bullet. The sling bullet hits Robin.
Robin is almost dead.
The goblin no longer looks unusually strong. x2
The goblin closely misses you. The goblin hits you with a +0 club.
Robin hits you but does no damage. The goblin closely misses you.
The goblin hits you with a +0 club.
You shoot a sling bullet.
The sling bullet hits Robin but does no damage.
Robin is almost dead.
Robin hits you but does no damage.
The goblin hits you but does no damage. x3
The goblin barely misses you.
You shoot a sling bullet. The endoplasm quivers.
The sling bullet hits Robin.
You kill Robin!
The hobgoblin no longer looks unusually strong.
The goblin hits you but does no damage. The goblin barely misses you.
The goblin hits you but does no damage. The goblin misses you.
The goblin closely misses you. The goblin hits you with a +0 club.
The goblin hits you but does no damage.
You shoot a sling bullet. The sling bullet hits the goblin.
The goblin is moderately wounded.
The goblin hits you but does no damage. The goblin completely misses you.
The goblin closely misses you. The goblin hits you but does no damage.
The goblin misses you.
You shoot a sling bullet.
The sling bullet barely misses the goblin.
The goblin hits you but does no damage. x2; The goblin closely misses you.
The goblin hits you but does no damage. The goblin hits you with a +0 club.
The goblin hits you but does no damage. x5
You shoot a sling bullet.
The sling bullet barely misses the goblin.
The goblin misses you. The goblin hits you with a +0 club. x2
You die...

#................#
..#####..........#..
### #..........#.# #
##...#.....##.# # #
#.........#...##.
#.#..#..........
#.#%..........#
##...#......gg## ##
#...##...#.#@gg# .#
##...#..#.#.gg#gwh#
.# #...#........##
#g...
.###)..#.....#...#
...
.)...%....#..###.# .
.............. .#
............... ..
.............#.#..#
..##..#...##... #.#


You could see a worm, a jackal, 2 hobgoblins and 6 goblins.

Vanquished Creatures
  Jessica (D:2)
  Robin (D:2)
  An adder (D:1)
  A dart slug (D:1)
  4 endoplasms (D:1)
  3 goblins
  3 hobgoblins
  3 jackals (D:2)
  A kobold (D:1)
  2 quokkas (D:2)
  3 ball pythons
  5 bats
  3 frilled lizards
  2 rats
33 creatures vanquished.

Notes
Turn   | Place    | Note
-------+----------+-------------------------------------------
     0 | D:1      | qw the Gargoyle Hexslinger began the quest for the Orb.
     0 | D:1      | Reached XP level 1. HP: 12/12 MP: 2/2
     0 | D:1      | 0 ||| qw: Version: 0.3-a-41-g9d075ac
     0 | D:1      | 0 ||| qw: Game counter: 702
     0 | D:1      | 0 ||| qw: Melee chars always use a shield: true
     0 | D:1      | 0 ||| qw: God list: Okawaru
     0 | D:1      | 0 ||| qw: Allow faded altars: false
     0 | D:1      | 0 ||| qw: Do Orc after clearing Dungeon:15 true
     0 | D:1      | 0 ||| qw: Do second Lair branch before Depths: true
     0 | D:1      | 0 ||| qw: Lair rune preference: random
     0 | D:1      | 0 ||| qw: Goals: Normal
     0 | D:1      | 0 ||| PLANNING D:1-11
   225 | D:1      | Reached XP level 2. HP: 16/16 MP: 3/3
   318 | D:1      | Reached skill level 3 in Ranged Weapons
   348 | D:1      | Found Qodawk's Distillery.
   351 | D:1      | 351 ||| SHOPLISTING potion of cancellation (112 gold, have
                  | 14).
   351 | D:1      | 351 ||| SHOPLISTING potion of curing (42 gold, have 14).
   351 | D:1      | 351 ||| SHOPLISTING potion of mutation (112 gold, have 14).
   493 | D:1      | 493 ||| UPGRADING to +0 ring mail.
   503 | D:1      | 503 ||| DROPPING +0 robe.
   504 | D:1      | 504 ||| UPGRADING to +2 pair of boots.
   509 | D:1      | 509 ||| READING 2 scrolls labelled EGAUFI HITWYGUH.
   522 | D:1      | 522 ||| READING scroll labelled ALLO NIGINAK.
   523 | D:1      | 523 ||| READING scroll labelled SIF OKKUNECIKA.
   524 | D:1      | 524 ||| DRINKING 2 metallic red potions.
   525 | D:1      | 525 ||| DROPPING scroll of torment.
   526 | D:1      | 526 ||| DROPPING scroll of poison.
   527 | D:1      | 527 ||| DROPPING potion of invisibility.
   554 | D:2      | 554 ||| STAIRDANCE
   558 | D:1      | Reached XP level 3. HP: 12/21 MP: 4/4
   729 | D:2      | Noticed Jessica
   734 | D:2      | Killed Jessica
   735 | D:2      | Reached XP level 4. HP: 26/26 MP: 5/5
   784 | D:2      | Noticed Robin
   802 | D:2      | Killed Robin
   802 | D:2      | HP: 6/26 [goblin/+0 club[Robin] (5)]
   805 | D:2      | HP: 2/26 [goblin/+0 club[Robin] (1)]
   805 | D:2      | Slain by a goblin

Levels and vault maps discovered:
D:1:      scummos_arrival_star, layout_rooms, serial_shops,
          nicolae_shop_real_fake_doors, ebering_dispersal_statue_hall
D:2:      layout_rooms, uniq_robin, uniq_jessica

Skill      XL: |  1  2  3 |
---------------+----------+-----
Ranged Weapons | 3 |  3.4
Fighting       | 2 |  2.2
Armour         | 2 |  2.2
Dodging        | |  1.5
Spellcasting   | |  1.0
Hexes          | |  2.6

Action                     |  1- 3 |  4- 6 || total
---------------------------+-------+-------++-------
   Fire: Sling             |    94 |    45 ||   139
    Use: Scroll            |     3 |       ||     3
         Potion            |     1 |       ||     1
 Armour: Ring mail         |    51 |    42 ||    93
         Robe              |     5 |       ||     5
  Dodge: Dodged            |    38 |    41 ||    79

Table legend:
 A = Non-vault XP
 B = Vault XP
 C = Vault XP percentage of total XP
 D = Non-vault monster count
 E = Vault monster count
 F = Vault count percentage of total count
                 A         B        C        D         E       F
            +---------+---------+-------+---------+---------+-------
      Total |      65 |      53 |  44.9 |      31 |       2 |   6.1
            +---------+---------+-------+---------+---------+-------
        D:1 |      44 |       0 |   0.0 |      18 |       0 |   0.0
        D:2 |      21 |      53 |  71.6 |      13 |       2 |  13.3
            +---------+---------+-------+---------+---------+-------
